 Dungeon Sprint DCSS version 0.31-a0-325-g067879e3d3 (webtiles) character file.

Game seed: 11664779350622208153

1194 dialectric the Imperceptible (level 8, -5/40 HPs)
             Began as a Spriggan Brigand on July 18, 2023.
             Was a Follower of Dithmenos.
             Slain by Sonja
             ... wielding a +0 short sword of distortion
              (16 damage)
             ... in the Dungeon (Sprint I: "Red Sonja").
             The game lasted 00:01:16 (166 turns).

dialectric the Imperceptible (Spriggan Brigand)      Turns: 166, Time: 00:01:16

Health: -5/40      AC:  3    Str:  7    XL:     8   Next: 20%
Magic:  9/9        EV: 18    Int: 13    God:    Dithmenos [*.....]
Gold:   351        SH:  0    Dex: 18    Spells: 7/7 levels left

rFire   . . .        a - +2 dagger
rCold   . . .        (no shield)
rNeg    . . .        b - +0 robe
rPois   .            (helmet restricted)
rElec   .            c - +0 cloak
rCorr   .            (gloves unavailable)
SInv    +            (boots unavailable)
Will    +....        (no amulet)
Stlth   ++++++++++   (no ring)
HPRegen 0.26/turn    (no ring)
MPRegen 0.11/turn

%: no teleportation
@: wreathed by umbra, very quick
A: very small, no large weapons, unfitting armour, see invisible, speed 3
a: Renounce Religion


You were in the Dungeon.
You worshipped Dithmenos.
Dithmenos was aware of your devotion.
You visited 1 branch You collected 351 gold pieces.

Inventory:

Hand Weapons
 a - a +2 dagger (weapon)
Missiles
 d - 9 poisoned darts
 l - 3 curare-tipped darts
Armour
 b - a +0 robe (worn)
 c - a +0 cloak (worn)
Wands
 e - a wand of paralysis (6)
Scrolls
 k - a scroll of blinking
 n - a scroll of identify {unknown}
Potions
 f - a potion of curing
 g - a potion of heal wounds
 h - a potion of haste
 i - 2 potions of magic
 j - a potion of berserk rage
 m - a potion of degeneration {unknown}


   Skills:
 + Level 3.0 Fighting
 + Level 7.0 Short Blades
 - Level 2.7 Throwing
 + Level 3.7 Dodging
 + Level 24.2 Stealth
 + Level 2.0 Evocations


You had 7 spell levels left.
You didn't know any spells.
Your spell library contained the following spells:

 Spells                   Type           Power      Damage    Failure   Level
 Call Canine Familiar     Summ           0%         N/A       67%         3
 Portal Projectile        Hex/Tloc       0%         N/A       67%         3
 Leda's Liquefaction      Hex/Erth       0%         N/A       97%         4


Dungeon Overview and Level Annotations

Branches:
Dungeon (1/1)

Altars:
Cheibriados
Dithmenos
Elyvilon
Fedhas
Gozag
Hepliaklqana
Kikubaaqudgha
Makhleb
Nemelex Xobeh
Okawaru
Qazlal
Ru
Sif Muna
Trog
Uskayaw
Vehumet
Wu Jian
Xom
Yredelemnul
Zin
The Shining One
Jiyva
Lugonu

Shops:
D ?

Annotations:
D Sonja


Innate Abilities, Weirdness & Mutations

You are very small and have problems with some larger weapons.
You are too small for most types of armour.
You have supernaturally acute eyesight. (SInv)
You cover ground extremely quickly. (Speed+++)


Message History

You stick the kobold demonologist like a pincushion!!!!!
You kill the kobold demonologist!
Dithmenos accepts your kill.
You are shrouded in an aura of darkness!
Your Fighting skill increases to level 3!
Your Short Blades skill increases to level 7!
Your Stealth skill increases to level 24!
Your Evocations skill increases to level 2!
You have reached level 8!
Things that are here:
a +0 dagger of pain; a +0 robe You open the door. 4 demonic crawlers come into view.
The demonic crawler gives a hideous shriek! x3
You hit the demonic crawler.
The demonic crawler is lightly wounded.
Unknown command.
There is an open door here.
There is an open door here.
There is an open door here.
Which direction?
You close the door.
There is an open door here.
There is an ornate altar of the Wu Jian Council here.
There is a radiant altar of Vehumet here.
You open the door.
Sonja, the Graceful Assassin comes into view.
She is wielding a +0 short sword of distortion and quivering curare-tipped darts.
Found 54 gold pieces.
Found 54 gold pieces.
There is an open door here.
Sonja shouts!
Sonja hits you with a +0 short sword of distortion!
Sonja hits you with a +0 short sword of distortion.
Space warps horribly around you!
Sonja hits you with a +0 short sword of distortion.
You closely miss Sonja.
Sonja hits you with a +0 short sword of distortion.
* * * LOW HITPOINT WARNING * * *
Space warps horribly around you!
You die...

#..#####+#####'#__####).ss..#
#..#### #...#.#### #####..+
#..#__####..##.# +##
#..#_____##'#_.+
#⌠⌠#_.∩...'..._#
####_..__##_.#'#
#_____###'#.# #########.###


+$@$+ #$K$# ##.## #+# You could see Sonja.

Vanquished Creatures
  2 kobold demonologists (D)
  Sigmund (D)
  A slime creature (D)
  A yak (D)
  A floating eye (D)
  An ogre (D)
  A jelly (D)
  Ijyb (D)
9 creatures vanquished.

Notes
Turn   | Place    | Note
-------+----------+-------------------------------------------
     0 | D        | dialectric the Spriggan Brigand began the quest for the
                  | Orb.
     0 | D        | Reached XP level 1. HP: 10/10 MP: 2/2
     1 | D        | Noticed Ijyb
     7 | D        | Paralysed by Ijyb for 5 turns
     8 | D        | Killed Ijyb
     9 | D        | Reached skill level 9 in Stealth
     9 | D        | Reached XP level 2. HP: 15/15 MP: 3/3
    21 | D        | Noticed an ogre
    23 | D        | Killed an ogre
    24 | D        | Reached skill level 13 in Stealth
    24 | D        | Reached XP level 3. HP: 18/18 MP: 4/4
    24 | D        | Reached XP level 4. HP: 23/23 MP: 5/5
    26 | D        | Noticed Sigmund
    28 | D        | Killed Sigmund
    29 | D        | Reached skill level 5 in Short Blades
    29 | D        | Reached skill level 17 in Stealth
    29 | D        | Reached XP level 5. HP: 26/26 MP: 6/6
    29 | D        | Reached XP level 6. HP: 30/30 MP: 7/7
    40 | D        | Found a shimmering blue altar of Sif Muna.
    41 | D        | Found an ornate altar of the Wu Jian Council.
    42 | D        | Found a radiant altar of Vehumet.
    50 | D        | Reached skill level 18 in Stealth
    55 | D        | Found a viscous altar of Jiyva.
    55 | D        | Found a corrupted altar of Lugonu.
    55 | D        | Noticed a slime creature
    56 | D        | Found a burning altar of Makhleb.
    56 | D        | Found a shimmering altar of Xom.
    58 | D        | Killed a slime creature
    59 | D        | Reached skill level 20 in Stealth
    87 | D        | Found Ytecvag's Magic Scroll Emporium.
    87 | D        | Found an ancient bone altar of Kikubaaqudgha.
    87 | D        | Found a stormy altar of Qazlal.
    87 | D        | Found a blossoming altar of Fedhas.
    87 | D        | Found a bloodstained altar of Trog.
    87 | D        | Found an iron altar of Okawaru.
    87 | D        | Found a glowing golden altar of the Shining One.
    87 | D        | Found a glowing silver altar of Zin.
    87 | D        | Found a white marble altar of Elyvilon.
    87 | D        | Noticed a yak
    88 | D        | Found a hazy altar of Hepliaklqana.
    88 | D        | Found a hide-covered altar of Uskayaw.
    88 | D        | Found a basalt altar of Yredelemnul.
    88 | D        | Found an opulent altar of Gozag.
    88 | D        | Found a snail-covered altar of Cheibriados.
    88 | D        | Found a sacrificial altar of Ru.
    88 | D        | Found a shadowy altar of Dithmenos.
    89 | D        | Killed a yak
    90 | D        | Reached skill level 21 in Stealth
    90 | D        | Reached skill level 1 in Evocations
    90 | D        | Reached XP level 7. HP: 35/35 MP: 8/8
    90 | D        | Found a sparkling altar of Nemelex Xobeh.
    96 | D        | Became a worshipper of Dithmenos the Shadowed
   134 | D        | Noticed a kobold demonologist
   135 | D        | Noticed a kobold demonologist
   138 | D        | Reached skill level 22 in Stealth
   139 | D        | Killed a kobold demonologist
   140 | D        | Reached skill level 23 in Stealth
   140 | D        | Killed a kobold demonologist
   140 | D        | Reached * piety under Dithmenos
   141 | D        | Reached skill level 24 in Stealth
   141 | D        | Reached XP level 8. HP: 40/40 MP: 9/9
   143 | D        | Noticed a demonic crawler
   143 | D        | Noticed a demonic crawler
   143 | D        | Noticed a demonic crawler
   143 | D        | Noticed a demonic crawler
   162 | D        | Noticed Sonja
   166 | D        | Slain by Sonja

Illustrated notes

Levels and vault maps discovered:
D:        dungeon_sprint_1 [red_sonja_temple_1, red_sonja_temple_small_1]

Skill      XL: |  1  2  3  4  5  6  7 |
---------------+----------------------+-----
Fighting       | 2 3 |  3.0
Stealth        | 9 13 17 21 24 | 24.2
Short Blades   | 3 5 6 7 |  7.0
Dodging        | 2 3 |  3.7
Evocations     | 1 2 |  2.0
Throwing       | |  2.7

Action                     |  1- 3 |  4- 6 |  7- 9 || total
---------------------------+-------+-------+-------++-------
  Melee: Dagger            |     1 |     5 |     5 ||    11
  Throw: Dart              |     3 |       |       ||     3
  Evoke: Wand              |       |     1 |       ||     1
   Stab: Sleeping          |     1 |     3 |     3 ||     7
         Paralysed         |       |     1 |       ||     1
  Dodge: Dodged            |     1 |       |       ||     1

Table legend: (Time is in decaauts)
 A = Elapsed time spent in this place.
 B = Non-inter-level travel time spent in this place.
 C = Inter-level travel time spent in this place.
 D = Time resting spent in this place.
 E = Time spent auto-exploring this place.
 F = Levels seen in this place.
 G = Mean time per level.
                   A        B        C        D        E       F      G
               +--------+--------+--------+--------+--------+-----+--------+
         Total |    117 |    117 |      0 |      0 |      0 |   1 |  117.0 |
       Dungeon |    117 |    117 |      0 |      0 |      0 |   1 |  117.0 |
               +--------+--------+--------+--------+--------+-----+--------+

Top non-repeatable levels by time:
       D: 117 daAuts
